 Dungeon Crawl Stone Soup version 0.20-a0-513-g02c11fc (webtiles) character file.

126 anuswrecked the Magician (level 4, 0/32 HPs)
             Began as a Mummy Wizard on Jan 23, 2017.
             Slain by a wight
             ... wielding a +0 mace
              (4 damage)
             ... on level 3 of the Dungeon.
             The game lasted 00:05:24 (3068 turns).

anuswrecked the Magician (Mummy Wizard)             Turns: 3068, Time: 00:05:24

Health: 0/32       AC: 13    Str: 11    XL:     4   Next: 83%
Magic:  10/10      EV:  0    Int: 17    God:
Gold:   87         SH:  9    Dex: 10    Spells: 1/11 levels left

rFire    x . .     SeeInvis .   h - +0 spear
rCold    + . .     Gourm    .   n - +0 plate armour
rNeg     + + +     Faith    .   f - +2 shield
rPois    ∞         Spirit   .   b - +0 hat
rElec    .         Reflect  .   i - +2 cloak
rCorr    .         Harm     .   (no gloves)
MR       .....                  (no boots)
Stlth    ..........             (no amulet)
Regen    0.1/turn               (no ring)
                                (no ring)

@: repel missiles
A: no food or potions, fire vulnerability, cold resistance 1, negative energy
resistance 3, torment resistance, unbreathing
a: no special abilities


You were on level 3 of the Dungeon.
You were not hungry.

You visited 1 branch of the dungeon, and saw 3 of its levels.

You collected 87 gold pieces.

Inventory:

Hand Weapons
 h - a +0 spear (weapon)
Armour
 a - a +0 robe
 b - a +0 hat (worn)
 f - a +2 shield (worn)
 g - a +0 leather armour
 i - a +2 cloak (worn)
 n - a +0 plate armour (worn)
Scrolls
 d - 3 scrolls of teleportation {unknown}
 e - a scroll of enchant armour {unknown}
 j - a scroll of enchant weapon {unknown}
 k - a scroll of identify {unknown}
 l - a scroll of recharging {unknown}
 m - 2 scrolls of remove curse {unknown}
Books
 c - a book of Minor Magic

   Spells                             Type                      Level
   a - Magic Dart                     Conjuration                  1
   b - Blink                          Translocation                2
   c - Call Imp                       Summoning                    2
   d - Repel Missiles                 Charms/Air                   2
   e - Slow                           Hexes                        2
   f - Conjure Flame                  Conjuration/Fire             3
   g - Mephitic Cloud                 Conjuration/Poison/Air       3


   Skills:
 + Level 1.3 Fighting
 * Level 1.5 Polearms
 * Level 1.4 Armour
 + Level 1.9 Dodging
 - Level 1.5 Stealth
 * Level 1.5 Shields
 - Level 4.0 Spellcasting
 - Level 1.2 Conjurations
 - Level 0.7 Summonings
 - Level 0.7 Translocations


You had one spell level left.
You knew the following spells:

 Your Spells              Type           Power        Failure   Level  Hunger
a - Magic Dart            Conj           #...         100%        1    N/A
b - Blink                 Tloc           N/A          100%        2    N/A
c - Call Imp              Summ           #.......     100%        2    N/A
d - Mephitic Cloud        Conj/Pois/Air  #.......     100%        3    N/A
z - Repel Missiles        Chrm/Air       #.....       100%        2    N/A

Dungeon Overview and Level Annotations

Branches:
Dungeon (3/15)

Altars:


Innate Abilities, Weirdness & Mutations

You do not eat or drink.
Your flesh is vulnerable to fire.
You are immune to poison.
Your flesh is cold resistant. (rC+)
You are immune to negative energy. (rN+++)
You are immune to unholy pain and torment.
You can survive without breathing.


Message History

The wight is severely damaged.
You block the wight's attack.
You closely miss the wight.
The wight is severely damaged.
The wight hits you but does no damage.
You hit the wight.
The wight is severely damaged.
You block the wight's attack.
You closely miss the wight.
The wight is severely damaged.
The wight hits you with a mace!
* * * LOW HITPOINT WARNING * * *
Your plate armour prevents you from hitting the wight.
The wight is severely damaged.
The wight hits you with a mace.
* * * LOW HITPOINT WARNING * * *
Your plate armour prevents you from hitting the wight.
The wight is severely damaged.
The wight hits you with a mace.
You die...

#...#
#...# #
#...# .#
#...#
..##...#
...#...#
...'...+
[..#.^.#
### ..
#...#
#@# .
#...#
#z# #
#..[# ##
#z#.#
#...# #.
#.#.#
#...##.
#...#
#...#.
#.###
+...'
#.#
#...#
#.#
#..z##
##.#


You could see 2 wights.

Vanquished Creatures
  A wight (D:3)
  3 adders (D:2)
  2 worms (D:2)
  A leopard gecko (D:2)
  An orc (D:3)
  2 ball pythons
  2 giant cockroaches (D:1)
  10 hobgoblins
  6 jackals
  4 bats
  3 frilled lizards
  5 goblins
  8 kobolds
  2 rats
50 creatures vanquished.

Notes
Turn   | Place    | Note
-------+----------+-------------------------------------------
     0 | D:1      | anuswrecked the Mummy Wizard began the quest for the Orb.
     0 | D:1      | Reached XP level 1. HP: 13/13 MP: 5/5
   220 | D:1      | Reached skill level 1 in Conjurations
   519 | D:1      | Reached XP level 2. HP: 15/20 MP: 7/7
   529 | D:1      | Learned a level 2 spell: Blink
   532 | D:1      | Learned a level 2 spell: Call Imp
   535 | D:1      | Learned a level 2 spell: Repel Missiles
  1263 | D:2      | Reached XP level 3. HP: 16/25 MP: 2/8
  1321 | D:2      | Learned a level 3 spell: Mephitic Cloud
  1620 | D:2      | Reached skill level 1 in Polearms
  1701 | D:2      | Reached skill level 1 in Armour
  1701 | D:2      | Reached skill level 1 in Shields
  2023 | D:2      | Reached skill level 1 in Fighting
  2475 | D:3      | Reached XP level 4. HP: 28/32 MP: 10/10
  2636 | D:3      | HP: 1/32 [hobgoblin (4)]
  3068 | D:3      | Slain by a wight

Vault maps used:
D:1:      matt_arrival_los_fun
D:3:      kennysheep_six_static_rooms, first_bread

Skill      XL: |  1  2  3 |
---------------+----------+-----
Conjurations   | 1 |  1.2
Polearms       | 1 |  1.5
Armour         | 1 |  1.4
Shields        | 1 |  1.5
Fighting       | 1 |  1.3
Dodging        | |  1.9
Stealth        | |  1.5
Spellcasting   | |  4.0
Summonings     | |  0.7
Translocations | |  0.7

Action                   |  1- 3 |  4- 6 || total
-------------------------+-------+-------++-------
Melee: Unarmed           |    12 |       ||    12
       Spear             |   210 |    85 ||   295
 Cast: Magic Dart        |    21 |       ||    21
       Repel Missiles    |     1 |       ||     1
 Stab: Sleeping          |     2 |       ||     2
Armor: Leather armour    |    31 |       ||    31
       Plate armour      |    73 |    40 ||   113
Dodge: Dodged            |    52 |     2 ||    54
       Deflected         |     1 |       ||     1
Block: Shield            |    59 |    29 ||    88
